 Dungeon Crawl Stone Soup version 0.28-a0-769-g550dbda0cd (webtiles) character file.

Game seed: 17651779326416993613

1054 shoop the Slicer (level 8, 0/49 HPs)
             Began as a Kobold Brigand on Oct 31, 2021.
             Was an Elder of Zin.
             Slain by an orc warrior (2 damage)
             ... on level 7 of the Dungeon.
             The game lasted 00:07:49 (6219 turns).

shoop the Slicer (Kobold Brigand)                   Turns: 6219, Time: 00:07:49

Health: 0/49       AC:  3    Str:  9    XL:     8   Next: 51%
Magic:  8/8        EV: 16    Int: 14    God:    Zin [****..]
Gold:   313        SH:  0    Dex: 16    Spells: 7/7 levels left

rFire   . . .      SeeInvis +   a - +2 dagger
rCold   + . .      Faith    .   (shield restricted)
rNeg    . . .      Spirit   .   b - +0 robe
rPois   .          Reflect  .   (no helmet)
rElec   .          Harm     .   c - +0 cloak
rCorr   .          Rampage  .   (no gloves)
Will    .....                   (no boots)
Stlth   +++++.....              (no amulet)
HPRegen 0.16/turn               D - ring of see invisible
MPRegen 0.11/turn               w - ring of protection from cold

@: no status effects
A: small, no large weapons, nightstalker 3
a: Renounce Religion, Recite, Vitalisation, Imprison, Donate Gold


You were on level 7 of the Dungeon.
You worshipped Zin.
Zin was greatly pleased with you.
You visited 1 branch of the dungeon, and saw 7 of its levels.

You collected 347 gold pieces.
You donated 34 gold pieces to Zin.

Inventory:

Hand Weapons
 a - a +2 dagger (weapon)
 s - the +2 hunting sling "Dragonbane" {venom, rF+++ MP+9 Int-2 Dex-2}
   (You found it on level 4 of the Dungeon)

   Any ammunition fired from it poisons the flesh of those it strikes.
   Int:       It affects your intelligence (-2).
   Dex:       It affects your dexterity (-2).
   rF:        It renders you almost immune to fire.
   MP:        It affects your magic capacity (+9).
Missiles
 d - 6 poisoned darts (quivered)
 e - 2 curare-tipped darts
 h - 5 boomerangs of dispersal
 v - 4 datura-tipped darts
Armour
 b - a +0 robe (worn)
 c - a +0 cloak (worn)
 t - a +0 kite shield
Magical Staves
 A - a staff of conjuration
Jewellery
 w - a ring of protection from cold (right hand)
 D - a ring of see invisible (left hand)
Scrolls
 i - a scroll of acquirement {unknown}
 k - 2 scrolls of silence {unknown}
 n - 2 scrolls of identify {unknown}
 p - a scroll of vulnerability {unknown}
 q - a scroll of noise {unknown}
 u - 2 scrolls of enchant weapon {unknown}
 x - 3 scrolls of teleportation {unknown}
 y - a scroll of fog {unknown}
Potions
 f - a potion of degeneration {unknown}
 g - a potion of resistance {unknown}
 j - 3 potions of curing
 l - 2 potions of heal wounds
 m - a potion of might
 o - a potion of ambrosia {unknown}
 r - a potion of mutation {unknown}
 z - a potion of berserk rage {unknown}
 B - a potion of magic {unknown}
 C - 2 potions of flight {unknown}


   Skills:
 - Level 5.0 Fighting
 - Level 8.0 Short Blades
 - Level 3.0 Throwing
 - Level 5.0 Dodging
 + Level 8.0 Stealth


You had 7 spell levels left.
You didn't know any spells.
Your spell library was empty.

Dungeon Overview and Level Annotations

Branches:
Dungeon (7/15)             Temple (0/1) D:4

Altars:
Ashenzari
Cheibriados
Dithmenos
Elyvilon
Gozag
Kikubaaqudgha
Qazlal
Trog
Zin

Annotations:
D:2 1 runed translucent door, exclusion: adder, Crazy Yiuf, Sigmund
D:4 exclusion: orc priest, Blork the orc
D:5 exclusion: skeleton, Dowan, Duvessa


Innate Abilities, Weirdness & Mutations

You are small and have problems with some larger weapons.
You are completely attuned to the shadows.


Message History

The orc shouts!
An orc comes into view. It is wielding a +0 hand axe.
Your Stealth skill increases to level 8!
The orc shouts!
You hit the orc.
The orc is moderately wounded.
You hit the orc.
You kill the orc!
The orc warrior hits you from afar with a +0 trident!!
Throw: 7 darts (poison)
Press: ? - help, Q - select action, (/) - cycle Shift-Dir - straight line, f - orc warrior
Aim: an orc warrior, wielding a +0 trident and wearing a +0 plate armour (63% to hit)
You throw a poisoned dart.
The poisoned dart closely misses the orc warrior.
The orc warrior barely misses you.
You hit the orc but do no damage. The orc misses you.
You hit the orc.
The orc is heavily wounded.
You hit the orc.
The orc is severely wounded.
The orc warrior closely misses you. The orc misses you.
You hit the orc.
You kill the orc!
The orc warrior hits you from afar with a +0 trident!
You are too injured to fight recklessly!
You are too injured to fight recklessly!
You are too injured to fight recklessly!
The orc misses you.
The orc warrior hits you with a +0 trident!
* * * LOW HITPOINT WARNING * * *
Things that are here:
a +0 mace; an orc corpse You closely miss the orc warrior.
The orc barely misses you.
You closely miss the orc warrior. The orc warrior closely misses you.
You hit the orc warrior but do no damage.
The orc hits you with a +0 hand axe.
* * * LOW HITPOINT WARNING * * *
You closely miss the orc warrior.
The orc warrior hits you with a +0 trident.
You die...

#.##.........
#.##....###.#
#.###.#.# #.#
#.###. ..# #.
#####.....
#### ...
.....####.
#..######.#
#...o.###.# #
#...o@..#.####
#
...)###.......
+ #...
#.#.#### #
#.(. #...# #
###. ..### .##


You could see an orc warrior and an orc.

Vanquished Creatures
  A gargoyle (D:7)
  An ice beast (D:6)
  A necrophage (D:7)
  2 ogres (D:6)
  A phantom (D:6)
  2 scorpions (D:5)
  A bullfrog skeleton (D:5)
  An iguana (D:6)
  A hound skeleton (D:5)
  6 adders
  2 gnolls (D:3)
  A white imp (D:7)
  4 worms
  3 dart slugs
  4 orcs
  6 ball pythons
  7 giant cockroaches
  4 goblins
  8 hobgoblins
  3 kobolds
  5 quokkas
  13 bats
  3 frilled lizards
  4 rats
84 creatures vanquished.

Vanquished Creatures (others)
  A gnoll (D:3)
  A goblin (D:6)
2 creatures vanquished.

Grand Total: 86 creatures vanquished

Notes
Turn   | Place    | Note
-------+----------+-------------------------------------------
     0 | D:1      | shoop the Kobold Brigand began the quest for the Orb.
     0 | D:1      | Reached XP level 1. HP: 12/12 MP: 1/1
   285 | D:1      | Reached XP level 2. HP: 17/17 MP: 2/2
   489 | D:1      | Found a faded altar of an unknown god.
   495 | D:1      | Prayed at the altar of an unknown god.
   495 | D:1      | Became a worshipper of Zin the Law-Giver
   495 | D:1      | Reached * piety under Zin
  1065 | D:1      | Reached XP level 3. HP: 18/21 MP: 3/3
  1803 | D:2      | Noticed Sigmund
  1834 | D:2      | Reached skill level 5 in Short Blades
  2021 | D:2      | Reached XP level 4. HP: 17/27 MP: 4/4
  2129 | D:2      | Found an ancient bone altar of Kikubaaqudgha.
  2150 | D:2      | Found a runed translucent door.
  2153 | D:2      | Noticed Crazy Yiuf
  3109 | D:3      | Reached XP level 5. HP: 32/32 MP: 5/5
  3467 | D:3      | Reached ** piety under Zin
  3518 | D:3      | Found a stormy altar of Qazlal.
  3870 | D:4      | Found a shadowy altar of Dithmenos.
  3898 | D:4      | Noticed Blork the orc
  3964 | D:4      | Identified the +2 hunting sling "Dragonbane" {venom, rF+++
                  | MP+9 Int-2 Dex-2}
  3976 | D:4      | Found a white marble altar of Elyvilon.
  4197 | D:4      | Found a staircase to the Ecumenical Temple.
  4284 | D:5      | Entered Level 5 of the Dungeon
  4319 | D:5      | Reached XP level 6. HP: 37/37 MP: 6/6
  4395 | D:5      | Noticed Duvessa
  4395 | D:5      | Noticed Dowan
  4525 | D:5      | Reached *** piety under Zin
  4748 | D:5      | Found a snail-covered altar of Cheibriados.
  4783 | D:5      | Found a broken altar of Ashenzari.
  5052 | D:6      | Noticed an ice beast
  5075 | D:6      | HP: 1/37 [ice beast (10)]
  5085 | D:6      | HP: 1/37 [ice beast (13)]
  5092 | D:6      | Killed an ice beast
  5093 | D:6      | Reached XP level 7. HP: 14/41 MP: 7/7
  5739 | D:6      | Found an opulent altar of Gozag.
  5785 | D:6      | Found a bloodstained altar of Trog.
  6058 | D:7      | Reached **** piety under Zin
  6137 | D:7      | Reached XP level 8. HP: 48/48 MP: 8/8
  6149 | D:7      | Noticed a gargoyle
  6151 | D:7      | Killed a gargoyle
  6152 | D:7      | Reached skill level 5 in Fighting
  6152 | D:7      | Reached skill level 5 in Dodging
  6218 | D:7      | HP: 2/49 [orc (5)]
  6219 | D:7      | Slain by an orc warrior

Illustrated notes

Levels and vault maps discovered:
D:1:      wander_arrival_chamber, layout_basic,
          shapermc_ecumenical_altar_pompeii, minmay_worlds_worst_comb
D:2:      layout_basic, basic_altar, uniq_crazy_yiuf_cottage, uniq_sigmund
D:3:      layout_rooms, nicolae_qazlal_scattered_showers
D:4:      layout_rooms, mainiacjoe_overflow_paths,
          mainiacjoe_overflow_small_starburst, minmay_temple_entry_proselytizer,
          uniq_blork_the_orc
D:5:      layout_loops_ring, nicolae_ashenzari_skybound,
          nicolae_sif_muna_little_library, mainiacjoe_overflow_brackets,
          uniq_duvessa
D:6:      layout_cave_pools, trog_hazing_becter,
          mainiacjoe_overflow_divided_tiny, serial_column_ruins,
          column_ruins_columns_water, column_ruins_open_small_water,
          column_ruins_open_small, column_ruins_open_tiny, column_ruins_grid_1,
          eino_tiny_chamber, uniq_menkaure
D:7:      layout_loops_corners

Skill      XL: |  1  2  3  4  5  6  7  8 |
---------------+-------------------------+-----
Short Blades   | 3 4 5 6 8 |  8.0
Dodging        | 2 3 4 5 |  5.0
Fighting       | 3 4 5 |  5.0
Throwing       | 3 |  3.0
Stealth        | 6 8 |  8.0

Action                   |  1- 3 |  4- 6 |  7- 9 || total
-------------------------+-------+-------+-------++-------
Melee: Dagger            |   127 |   149 |    43 ||   319
Throw: Dart              |       |     3 |     7 ||    10
  Use: Potion            |       |     3 |       ||     3
 Stab: Sleeping          |    14 |    26 |     5 ||    45
       Distracted        |       |     1 |       ||     1
Armor: Robe              |    20 |    10 |     6 ||    36
Dodge: Dodged            |    69 |    56 |    22 ||   147

Table legend: (Time is in decaauts)
 A = Elapsed time spent in this place.
 B = Non-inter-level travel time spent in this place.
 C = Inter-level travel time spent in this place.
 D = Time resting spent in this place.
 E = Time spent auto-exploring this place.
 F = Levels seen in this place.
 G = Mean time per level.
                   A        B        C        D        E       F      G
               +--------+--------+--------+--------+--------+-----+--------+
         Total |   6129 |   6003 |    126 |      0 |   5278 |   7 |  875.6 |
       Dungeon |   6129 |   6003 |    126 |      0 |   5278 |   7 |  875.6 |
               +--------+--------+--------+--------+--------+-----+--------+

Top non-repeatable levels by time:
     D:1: 1698 daAuts
     D:2: 1229 daAuts
     D:3: 813 daAuts
     D:6: 762 daAuts
     D:5: 744 daAuts
     D:4: 491 daAuts
     D:7: 391 daAuts
